 Dungeon Crawl Stone Soup version 0.21-a0-39-g28ea6b7 (webtiles) character file.

875320 Duffy the Archmage (level 27, 260/260 HPs)
             Began as a Naga Wizard on May 27, 2017.
             Was the Champion of Vehumet.
             Quit the game on level 5 of the Depths on May 31, 2017.
             The game lasted 04:30:15 (123676 turns).

Duffy the Archmage (Naga Wizard)                  Turns: 123676, Time: 04:30:16

Health: 260/260    AC: 32    Str: 10    XL:     27
Magic:  58/58      EV: 16    Int: 41    God:    Vehumet [******]
Gold:   377        SH: 37    Dex: 12    Spells: 2/80 levels left

rFire    + . .     SeeInvis +   M - staff of conjuration
rCold    + . .     Gourm    .   E - +18 shield of the Gong {rElec rN+ MR+ EV-5}
rNeg     + . .     Faith    .   l - +1 robe of the Shining Light {Int+4 Stlth+}
rPois    +         Spirit   .   N - +0 Maxwell's etheric cage {RegenMP+ *Contam rElec MP+4}
rElec    +         Reflect  +   g - +2 cloak of the Thief {+Fog Slay-2 SInv Stlth+}
rCorr    .         Harm     .   K - +2 pair of gloves {Dex+3}
MR       ++++.                  I - +4 naga barding
Stlth    ++++......             D - +6 amulet of reflection
Regen    0.6/turn               F - +5 ring of intelligence
MPRegen  0.4/turn               s - ring of Phasing {EV+8}

@: very slow
A: stinger 1, icy blue scales 1, see invisible, blink, cold resistance 1,
deformed body, fire resistance 1, poison resistance, slowness 2, slow metabolism
1, spit poison 1, constrict 1, AC +9
}: 4/15 runes: decaying, slimy, silver, gossamer
a: Spit Poison, Blink, Renounce Religion, Evoke Fog


You were on level 5 of the Depths.
You worshipped Vehumet.
Vehumet was exalted by your worship.
You were not hungry.

You visited 13 branches of the dungeon, and saw 59 of its levels.
You visited 1 bazaar.
You visited 1 ziggurat, and saw 22 of its levels.
You also visited: Labyrinth and Ice Cave.

You collected 12696 gold pieces.
You spent 12319 gold pieces at shops.

Inventory:

Hand Weapons
 r - the +8 mithril axe "Arga" {speed, MR+}
   (You found it on level 13 of a ziggurat)

   Attacks with this weapon are significantly faster.
   It affects your resistance to hostile enchantments.
Missiles
 W - 11 throwing nets (quivered)
Armour
 g - the +2 cloak of the Thief (worn) {+Fog Slay-2 SInv Stlth+}
   (You bought it in a shop on level 2 of the Orcish Mines)

   It affects your accuracy and damage with ranged weapons and melee attacks
   (-2).
   It lets you see invisible.
   It makes you more stealthy.
 l - the +1 robe of the Shining Light (worn) {Int+4 Stlth+}
   (You found it on level 2 of the Realm of Zot)

   It affects your intelligence (+4).
   It makes you more stealthy.
 E - the +18 shield of the Gong (worn) {rElec rN+ MR+ EV-5}
   (You bought it in a shop on level 1 of the Depths)

   It affects your evasion (-5).
   It insulates you from electricity.
   It protects you from negative energy.
   It affects your resistance to hostile enchantments.
 I - a +4 naga barding (worn)
 K - a +2 pair of gloves of dexterity (worn)
 N - the +0 Maxwell's etheric cage (worn) {RegenMP+ *Contam rElec MP+4}
   (You found it on level 3 of the Elven Halls)

   It insulates you from electricity.
   It affects your magic capacity (+4).
   It causes magical contamination when unequipped.
Magical Staves
 b - an uncursed staff of earth
 c - an uncursed staff of energy {!a}
 M - an uncursed staff of conjuration (weapon)
Jewellery
 s - the ring of Phasing (right hand) {EV+8}
   (You bought it in a shop in a bazaar)

   [ring of evasion]

   It affects your evasion (+8).
 t - the ring "Xirourph" {rF++ Int+4 Dex+2}
   (You bought it in a shop on level 2 of the Orcish Mines)

   [ring of intelligence]

   It affects your intelligence (+4).
   It affects your dexterity (+2).
   It greatly protects you from fire.
 D - a +6 amulet of reflection (around neck)
 F - a +5 ring of intelligence (left hand)
 U - the ring "Zaxkanih" {rCorr MR+ Dex+4 Stlth+}
   (You found it on level 11 of a ziggurat)

   [ring of resist corrosion]

   It affects your dexterity (+4).
   It affects your resistance to hostile enchantments.
   It makes you more stealthy.
 V - the ring "Ifator" {rF+ rC+ rN+ SInv}
   (You found it on level 16 of a ziggurat)

   [ring of protection from cold]

   It protects you from fire.
   It protects you from cold.
   It protects you from negative energy.
   It lets you see invisible.
Wands
 h - a wand of digging (24/24)
 k - a wand of acid (6/15)
Scrolls
 a - 5 scrolls of vulnerability
 e - 7 scrolls of magic mapping
 i - 23 scrolls of remove curse
 j - 27 scrolls of teleportation
 m - 10 scrolls of recharging
 u - 2 scrolls of amnesia
 v - 33 scrolls of identify
 P - 11 scrolls of blinking
 Q - 17 scrolls of fog
 X - 5 scrolls of summoning
 Z - 6 scrolls of immolation
Potions
 d - 4 potions of ambrosia
 f - 9 potions of cancellation
 n - 5 potions of magic
 p - 11 potions of flight
 x - 12 potions of haste
 y - 17 potions of heal wounds
 B - a potion of might
 G - 8 potions of brilliance
 H - 44 potions of curing
 J - 3 potions of invisibility
 L - 7 potions of resistance
 R - 11 potions of agility
Miscellaneous
 w - 7 boxes of beasts
 z - a fan of gales
 A - 5 phantom mirrors
 Y - 4 sacks of spiders
Comestibles
 q - 16 fruits
 C - 18 meat rations


   Skills:
 + Level 18.1 Fighting
 - Level 10.0 Armour
 - Level 11.0 Dodging
 - Level 3.0 Stealth
 - Level 15.2 Shields
 O Level 27 Spellcasting
 - Level 20.8 Conjurations
 - Level 9.0 Charms
   Level 1.0 Summonings
 - Level 5.0 Necromancy
 - Level 17.8 Translocations
 - Level 20.0 Fire Magic
 - Level 8.0 Air Magic
 - Level 23.8 Earth Magic
 - Level 10.8 Poison Magic
 + Level 9.6 Evocations


You had 2 spell levels left.
You knew the following spells:

 Your Spells              Type           Power        Failure   Level  Hunger
a - Lehudib's Crystal Sp  Conj/Erth      #########.   1%          8    None
e - Apportation           Tloc           ######       0%          1    None
h - Poison Arrow          Conj/Pois      ########..   1%          6    None
i - Ignition              Fire           ########..   1%          8    None
j - Bolt of Fire          Conj/Fire      ########..   0%          6    None
k - Fireball              Conj/Fire      ########..   0%          5    None
l - Fire Storm            Conj/Fire      ########..   1%          9    None
m - Deflect Missiles      Chrm/Air       #######...   1%          6    None
n - Shatter               Erth           ########..   1%          9    None
o - Orb of Destruction    Conj           ########..   1%          7    None
y - Regeneration          Chrm/Necr      #######...   1%          3    None
B - Blink                 Tloc           N/A          0%          2    None
C - Controlled Blink      Tloc           N/A          1%          8    None


Dungeon Overview and Level Annotations

Branches:
Dungeon (15/15)            Temple (1/1) D:7            Lair (6/6) D:9
  Swamp (4/4) Lair:4       Spider (4/4) Lair:2        Slime (5/5) Lair:6
    Orc (2/2) D:9             Elf (3/3) Orc:2        Vaults (5/5) D:14
  Crypt (3/3) Vaults:3       Tomb (0/3) Crypt:3      Depths (5/5) D:15
   Hell (1/1)                 Dis (0/7) Hell            Geh (0/7) Hell
    Coc (0/7) Hell            Tar (0/7) Hell            Zot (5/5) Depths:5

Altars:
Ashenzari
Cheibriados
Dithmenos
Elyvilon
Fedhas
Gozag
Hepliaklqana
Kikubaaqudgha
Makhleb
Nemelex Xobeh
Okawaru
Qazlal
Ru
Sif Muna
Trog
Uskayaw
Vehumet
Wu Jian
Xom
Yredelemnul
Zin
The Shining One

Shops:
D:7 =   D:8 :}}[   D:13 %   D:15 =   Orc:2 =!(*[   Elf:2 [}   Vaults:2 :
Vaults:3 ?   Vaults:5 =}%!!(!?!!?   Depths:1 :*[}}   Depths:4 (*

Portals:
Hell: Depths:1 Depths:2 Depths:3 Depths:4 Depths:5
Abyss: Depths:2 Depths:4
Pandemonium: Depths:2 Depths:3 Depths:4

Annotations:
Elf:2 3 runed doors, exclusion: 3 doors


Innate Abilities, Weirdness & Mutations

You cannot wear boots.
Your serpentine skin is tough. (AC +9)
You have supernaturally acute eyesight. (SInv)
Armour fits poorly on your strangely shaped body.
Your system is resistant to poisons. (rPois)
You cover ground very slowly.
You have a slow metabolism.
You can spit poison.
You can use your snake-like lower body to constrict enemies.
Your tail ends in a poisonous barb.
You are partially covered in icy blue scales. (AC +2)
You can translocate small distances at will.
Your flesh is cold resistant. (rC+)
Your flesh is heat resistant. (rF+)


Message History

an uncursed amulet of magic regeneration an uncursed ring of positive energy; a wand of paralysis (10/24) an uncursed staff of poison
There is an empty arch of ancient stone here.
Items here: ! ( ) :: ? [ | Search for what [Enter for "anni", or ? for help]? necro
Okay, then.
Save game and exit?
Welcome back, Duffy the Naga Wizard.
Vehumet says: Let it end in hellfire!
Press ? for a list of commands and other information.
Items here: " / = | } a lamp of fire an uncursed amulet of magic regeneration an uncursed ring of positive energy; a wand of paralysis (10/24) an uncursed staff of poison
There is an empty arch of ancient stone here.
Items here: ! ( ) :: ? [ |
Okay, then.
Are you sure you want to abandon this character and quit the game? (Confirm with "yes".)

#..# #..#..##.##.#.# #...#
#..# #..##...##.##.# #...#
#..# #.........###.### #...#
#..# #..###..........# #...#
#..###..###...####.### #...#
#..................#####...##
#..).........................
#...........}............####
#........##.@.##.........#
#.........##.##..........#
#..........###...........#
#...........#............####
#............................
############.################
###


There were no monsters in sight!

Vanquished Creatures
  the Royal Jelly (Slime:5)
  An orb of fire (Zot:1)
  5 ancient liches
  8 juggernauts
  2 greater mummies (Zig:10)
  Sojobo (Depths:2)
  Saint Roka (Depths:3)
  the Lernaean hydra (Swamp:4)
  A caustic shrike (Zig:14)
  Bai Suzhen (Swamp:4)
  The ghost of hyperhazel the Brawler, a master VSEE of Okawaru (Crypt:3)
  7 curse toes
  Geryon (Hell)
  Nikola (Depths:3)
  2 bone dragons
  13 golden dragons
  Arachne (Spider:3)
  A Brimstone Fiend (Zig:21)
  3 hellephants (Zig:14)
  25 tentacled monstrosities
  2 electric golems
  An Ice Fiend (Zig:7)
  7 deep elf blademasters
  7 deep elf master archers
  13 liches
  The ghost of xgamer67 the Bludgeoner, an adept BaBe of Trog (Spider:3)
  5 titans
  6 quicksilver dragons
  42 acid blobs
  Gastronok (D:12)
  7 death cobs
  12 sphinxes
  3 ancient champions
  11 draconian monks
  Agnes (Elf:2)
  Frances (D:14)
  Kirke (Lair:4)
  12 shadow dragons
  6 thorn hunters
  19 storm dragons
  18 tengu reavers
  4 revenants
  Roxanne (Swamp:1)
  A daeva (Depths:5)
  16 azure jellies
  A nagaraja (Zig:17)
  8 deep elf sorcerers
  12 frost giants
  2 iron dragons
  11 draconian knights
  5 ghost moths
  26 vault wardens
  7 draconian scorchers
  15 fire giants
  A caustic shrike zombie (Zig:21)
  4 orc warlords
  9 ghouls
  5 emperor scorpions
  3 curse skulls
  2 juggernaut zombies (Zig:21)
  Aizul (Vaults:1)
  3 cacodemons (Hell)
  2 balrugs (Zig:21)
  15 draconian annihilators
  7 deep elf elementalists
  10 draconian shifters
  A spriggan defender (Depths:5)
  8 draconian stormcallers
  A caustic shrike skeleton (Zig:21)
  An angel (Depths:4)
  21 ironheart preservers
  37 stone giants
  2 blood saints (Zig:17)
  48 very ugly things
  7 war gargoyles
  4 entropy weavers
  7 reapers
  11 vampire knights
  6 deep elf demonologists
  18 green draconians
  2 dire elephants
  16 deep elf annihilators
  9 black draconians
  16 purple draconians
  8 white draconians
  9 spark wasps
  12 yellow draconians
  11 red draconians
  3 crystal guardians (Crypt:3)
  12 ettins
  2 green deaths (Hell)
  9 deep elf death magi
  4 eidola
  3 blizzard demons
  2 ettins (shapeshifter) (Vaults:5)
  A mummy priest (Zig:10)
  13 death oozes
  11 merfolk javelineers
  Snorg (Orc:1)
  4 merfolk impalers
  A minotaur (Lab)
  4 jiangshi
  6 deep elf high priests
  23 yaktaur captains
  17 great orbs of eyes
  Harold (Lair:2)
  Josephine (D:12)
  6 rakshasas
  A quicksilver dragon skeleton (Zig:21)
  11 fire dragons
  45 vault guards
  18 ice dragons
  3 hell beasts (Hell)
  Fannar (Orc:1)
  26 hydras
  6 spriggan air magi
  An alligator snapping turtle (Zig:22)
  An alligator (shapeshifter) (Depths:5)
  17 centaur warriors
  55 two-headed ogres
  8 death knights
  An anaconda (shapeshifter) (Vaults:1)
  44 dancing weapons
  A merfolk avatar (Zig:22)
  13 deep troll shamans
  27 ogre magi
  11 alligators
  2 satyrs
  8 death scarabs (Spider:4)
  12 merfolk aquamancers
  7 tengu warriors
  13 death yaks
  13 deep troll earth magi
  2 titan zombies
  13 orc high priests
  10 spriggan berserkers
  2 hell hogs (Zig:21)
  10 vampire magi
  2 shock serpents (shapeshifter)
  11 soul eaters
  5 iron trolls
  25 deep elf knights
  An iron golem (Hell)
  3 sun demons
  3 sixfirhies (Hell)
  A small abomination (Vaults:3)
  A titan skeleton (Crypt:3)
  3 fire crabs (shapeshifter)
  28 hell knights
  7 shadow wraiths
  7 sea snakes
  10 flayed ghosts
  52 skeletal warriors
  14 swamp dragons
  2 unseen horrors
  A spark wasp zombie (Depths:4)
  A death drake (shapeshifter) (Depths:4)
  4 wizards
  26 deep trolls
  4 golden dragon zombies (Zig:21)
  An infernal demonspawn (Depths:4)
  6 storm dragon skeletons
  11 glowing orange brains
  3 golden dragon skeletons
  2 anaconda zombies (Hell)
  A kraken simulacrum (Hell)
  2 orange crystal statues
  24 deep elf archers
  21 necromancers
  7 phantasmal warriors
  2 lindwurms (shapeshifter)
  3 tengu zombies
  4 spectral wolf spiders (Spider:4)
  21 ironbrand convokers
  A lindwurm (Lair:4)
  28 harpies
  A shambling mangrove (Swamp:1)
  A mana viper (shapeshifter) (D:15)
  25 orb spiders
  2 frost giant zombies (Crypt:1)
  21 orc knights
  A sphinx skeleton (Zig:21)
  7 shining eyes
  79 ugly things
  3 iron dragon zombies
  2 wolf spider zombies (D:15)
  A salamander (shapeshifter) (D:14)
  3 oklob plants (Zig:8)
  An anaconda skeleton (Hell)
  21 orc sorcerers
  2 shadow dragon skeletons
  2 fire giant zombies (Crypt:2)
  A shining eye (shapeshifter) (Vaults:5)
  36 wolf spiders
  98 deep elf magi
  36 moths of wrath
  6 fauns
  12 cyclopes
  A manticore (shapeshifter) (Zig:11)
  A stone giant zombie (Vaults:4)
  A moth of wrath (shapeshifter) (Depths:2)
  An elephant (shapeshifter) (Zig:15)
  5 human zombies
  3 iron dragon skeletons
  5 merfolk sirens
  3 manticores
  A spriggan zombie (Zig:7)
  2 tengu skeletons
  12 elephants
  Maurice (Orc:1)
  2 frost giant skeletons
  7 black mambas
  2 fire giant skeletons
  7 water nymphs
  A guardian serpent (shapeshifter) (Vaults:4)
  2 ice statues (Hell)
  16 vault sentinels
  2 stone giant skeletons
  2 centaur zombies (D:12)
  2 orange demons (Hell)
  A water nymph (shapeshifter) (Vaults:5)
  4 smoke demons
  12 naga magi
  5 rust devils (Hell)
  An alligator snapping turtle zombie (Crypt:1)
  A dire elephant skeleton (Crypt:3)
  9 centaur skeletons
  A molten gargoyle (Hell)
  A spiny frog (shapeshifter) (Zig:20)
  39 spiny frogs
  A torpor snail (Zig:14)
  A white draconian zombie (Crypt:3)
  6 eyes of devastation
  An efreet (D:14)
  4 komodo dragons
  5 hellions
  5 spectral redbacks (Spider:4)
  A gargoyle (D:13)
  8 rime drakes
  An elf skeleton (Zig:21)
  2 yaktaurs (shapeshifter)
  A komodo dragon (shapeshifter) (Depths:2)
  16 demonic crawlers
  12 freezing wraiths
  A redback zombie (Spider:4)
  56 yaktaurs
  A minotaur zombie (Crypt:2)
  5 guardian mummies (Zig:10)
  3 tormentors (Zig:21)
  A ghost moth simulacrum (Hell)
  A queen bee (Lair:4)
  A hydra zombie (Hell)
  6 red devils
  3 ice devils
  3 tengu conjurers
  A queen bee (shapeshifter) (Vaults:2)
  A wolf spider simulacrum (D:15)
  A harpy zombie (Crypt:3)
  33 hornets
  6 meliai
  A polar bear (shapeshifter) (Elf:3)
  2 jumping spiders (shapeshifter)
  A merfolk (shapeshifter) (Depths:5)
  18 polar bears
  55 jumping spiders
  12 trolls
  7 tyrant leeches
  Prince Ribbit (Lair:2)
  6 spectral jumping spiders (Spider:4)
  2 spectral tarantellas (Spider:4)
  A sphinx simulacrum (Vaults:3)
  A hippogriff (shapeshifter) (Vaults:5)
  36 merfolk
  10 snapping turtles
  41 blink frogs
  102 slime creatures
  4 tarantella zombies
  20 hippogriffs
  4 human simulacra
  A fire dragon zombie (Hell)
  A snapping turtle (shapeshifter) (Elf:1)
  13 bog bodies
  An ettin zombie (Vaults:4)
  23 dream sheep
  8 wind drakes
  3 ice dragon zombies
  5 shadows
  Sigmund (D:2)
  11 air elementals
  43 flying skulls
  44 tarantellas
  A meliai zombie (D:12)
  94 redbacks
  12 spriggans
  13 water elementals
  A tarantella (shapeshifter) (Vaults:2)
  11 wyverns
  12 wraiths
  A yak (shapeshifter) (Vaults:2)
  An ettin skeleton (Vaults:3)
  46 yaks
  An ushabti (Zig:10)
  A human (shapeshifter) (Elf:1)
  6 basilisks
  A golden eye (shapeshifter) (D:15)
  2 basilisks (shapeshifter)
  13 fire elementals
  3 large abominations (Elf:1)
  19 vampire mosquitoes
  A naga (shapeshifter) (Depths:1)
  3 hungry ghosts
  3 swamp worms (shapeshifter)
  16 insubstantial wisps
  19 swamp worms
  A two-headed ogre zombie (Crypt:2)
  7 wargs
  A water nymph zombie (Crypt:1)
  An acid dragon (D:15)
  A water moccasin (shapeshifter) (Depths:1)
  A merfolk zombie (Crypt:1)
  18 water moccasins
  4 hell hounds
  A soldier ant (shapeshifter) (Vaults:2)
  A spiny frog zombie (Hell)
  12 porcupines
  75 orc warriors
  A gelid demonspawn skeleton (Crypt:1)
  A floating eye (Slime:2)
  A porcupine (shapeshifter) (D:15)
  A sky beast (shapeshifter) (Depths:2)
  7 sky beasts
  14 swamp drakes
  An ice beast (shapeshifter) (Depths:5)
  7 black bears
  An infernal demonspawn skeleton (Crypt:1)
  A lindwurm zombie (Crypt:1)
  13 eyes of draining
  3 ice beasts
  2 spiny frog skeletons (Hell)
  2 ettin simulacra
  7 necrophages
  54 ogres
  3 boggarts (D:15)
  A phantom (D:7)
  17 wolves
  35 centaurs
  2 snapping turtle skeletons (Crypt:3)
  11 crocodiles
  A dream sheep skeleton (Crypt:2)
  7 elf zombies
  A big kobold (D:7)
  8 earth elementals
  A komodo dragon skeleton (Crypt:2)
  32 bullfrogs
  2 spiny frog simulacra (Hell)
  A scorpion (D:8)
  4 wyvern skeletons
  2 elf simulacra (Vaults:5)
  30 killer bees
  9 wights
  6 howler monkeys
  5 electric eels
  13 crimson imps
  4 quasits
  3 bullfrog zombies
  2 iron imps
  3 jellies
  A gnoll shaman (D:9)
  26 orc priests
  6 hounds
  A bullfrog skeleton (D:9)
  6 iguanas
  Crazy Yiuf (D:2)
  A black bear skeleton (Crypt:1)
  12 worker ants
  28 orc wizards
  Natasha (thrice) (D:3)
  A lightning spire (Zig:15)
  A crocodile skeleton (Crypt:1)
  12 mummies
  3 worker ant zombies
  3 gnolls (D:9)
  9 adders
  A howler monkey skeleton (D:5)
  3 shadow imps
  8 white imps
  2 ufetubi
  2 adder zombies
  2 adder skeletons
  2 worms
  A leopard gecko (D:10)
  105 orcs
  8 giant cockroaches
  7 goblins
  14 hobgoblins
  7 jackals
  4 quokkas
  A ball python (D:6)
  8 bats
  3 frilled lizards
  A frilled lizard zombie (Crypt:2)
  A giant cockroach zombie (D:6)
  A goblin skeleton (Crypt:2)
  14 kobolds
  An orc skeleton (Crypt:3)
  9 rats
  A crawling corpse (Vaults:3)
  12 plants
3766 creatures vanquished.

Vanquished Creatures (collateral kills)
  An acid blob (Slime:4)
  A storm dragon (Zot:1)
  An ugly thing (D:15)
  An elf skeleton (Zig:21)
  2 redbacks (Spider:2)
  A spiny frog simulacrum (Hell)
7 creatures vanquished.

Vanquished Creatures (others)
  A stone giant (Depths:3)
  A blizzard demon (Depths:4)
  A centaur warrior (Depths:4)
  A deep elf knight (Zig:8)
  A shadow wraith (Vaults:5)
  3 deep elf archers
  A yaktaur (Vaults:3)
  A merfolk (Zig:22)
  A vampire mosquito (Swamp:2)
  2 humans (Lair:5)
  4 centaurs
  2 quasits (Depths:4)
  An orc wizard (Depths:3)
  59 fire vortices
  41 fungi
  65 plants
  A withered plant (D:9)
186 creatures vanquished.

Grand Total: 3959 creatures vanquished

Notes
Turn   | Place    | Note
-------+----------+-------------------------------------------
     0 | D:1      | Duffy the Naga Wizard began the quest for the Orb.
     0 | D:1      | Reached XP level 1. HP: 15/15 MP: 4/4
   268 | D:1      | Reached XP level 2. HP: 22/22 MP: 0/6
  1070 | D:1      | Reached XP level 3. HP: 28/28 MP: 1/7
  1740 | D:2      | Learned a level 3 spell: Conjure Flame
  1744 | D:2      | Learned a level 3 spell: Mephitic Cloud
  2188 | D:2      | Noticed Sigmund
  2199 | D:2      | Killed Sigmund
  2199 | D:2      | Reached skill level 4 in Spellcasting
  2199 | D:2      | Reached XP level 4. HP: 33/36 MP: 5/10
  2199 | D:2      | Reached XP level 5. HP: 39/42 MP: 5/11
  2306 | D:2      | Learned a level 2 spell: Blink
  2315 | D:2      | Found an opulent altar of Gozag.
  2564 | D:2      | Reached XP level 6. HP: 49/49 MP: 10/12
  2626 | D:2      | Found a runed door.
  2630 | D:2      | Noticed Crazy Yiuf
  2639 | D:2      | Killed Crazy Yiuf
  2890 | D:3      | Reached skill level 5 in Conjurations
  3076 | D:3      | Noticed Natasha
  3081 | D:3      | Killed Natasha
  3210 | D:3      | Noticed Natasha
  3215 | D:3      | Killed Natasha
  3371 | D:3      | Noticed Natasha
  3375 | D:3      | Killed Natasha
  3674 | D:4      | Reached XP level 7. HP: 55/55 MP: 5/14
  3821 | D:5      | Entered Level 5 of the Dungeon
  4081 | D:5      | Reached skill level 5 in Spellcasting
  4405 | D:5      | Reached skill level 1 in Shields
  4405 | D:5      | Reached XP level 8. HP: 62/62 MP: 4/15
  5250 | D:6      | Reached skill level 1 in Fighting
  5342 | D:6      | Found a hazy altar of Hepliaklqana.
  5376 | D:6      | Found a shadowy altar of Dithmenos.
  6135 | D:6      | Reached skill level 5 in Fighting
  6604 | D:7      | Reached skill level 1 in Evocations
  6604 | D:7      | Reached XP level 9. HP: 46/81 MP: 8/16
  6708 | D:7      | Found Efentisats's Jewellery Shop.
  7314 | D:7      | Reached skill level 5 in Evocations
  7709 | D:7      | Found a staircase to the Ecumenical Temple.
  7717 | Temple   | Entered the Ecumenical Temple
  7724 | Temple   | Became a worshipper of Vehumet
  8328 | D:4      | Found a white marble altar of Elyvilon.
  8330 | D:4      | Found a shimmering altar of Xom.
  8330 | D:4      | Found a sparkling altar of Nemelex Xobeh.
  8332 | D:4      | Found an ornate altar of the Wu Jian Council.
  8332 | D:4      | Found a white marble altar of Elyvilon.
  8332 | D:4      | Found a basalt altar of Yredelemnul.
  8931 | D:7      | Found a bloodstained altar of Trog.
  9415 | D:7      | Reached skill level 6 in Spellcasting
  9415 | D:7      | Reached XP level 10. HP: 86/88 MP: 6/19
  9555 | D:8      | Found Xeblev's Gadget Shop.
  9612 | D:7      | Reached * piety under Vehumet
  9612 | D:7      | Offered knowledge of Sandblast by Vehumet.
  9845 | D:8      | Found Zudaong's Book Shop.
 10511 | D:8      | Reached skill level 7 in Spellcasting
 10714 | D:8      | Gained mutation: Your body sometimes deteriorates upon taking damage. [mutagenic meat]
 10716 | D:8      | Gained mutation: You are weak. (Str -2) [mutagenic meat]
 10717 | D:8      | Gained mutation: You are somewhat resistant to further mutation. [mutagenic meat]
 10769 | D:8      | Found Jerat's Armour Emporium.
 10770 | D:8      | Noticed a two-headed ogre
 10782 | D:8      | Killed a two-headed ogre
 10924 | D:8      | Reached skill level 8 in Spellcasting
 11031 | D:8      | Found Fany's Gadget Boutique.
 11911 | D:9      | Found a snail-covered altar of Cheibriados.
 11949 | D:9      | Offered knowledge of Shock by Vehumet.
 11953 | D:9      | Reached ** piety under Vehumet
 12053 | D:9      | Lost mutation: You are weak. (Str -2) [potion of mutation]
 12053 | D:9      | Lost mutation: Your body sometimes deteriorates upon taking damage. [potion of mutation]
 12053 | D:9      | Lost mutation: You are somewhat resistant to further mutation. [potion of mutation]
 12053 | D:9      | Gained mutation: You are partially covered in icy blue scales. (AC +2) [potion of mutation]
 12053 | D:9      | Gained mutation: Your flesh is heat resistant. (rF+) [potion of mutation]
 12053 | D:9      | Gained mutation: You are dopey. (Int -2) [potion of mutation]
 12053 | D:9      | Gained mutation: You have a pair of small antennae on your head. [potion of mutation]
 12193 | D:9      | Reached skill level 10 in Conjurations
 12563 | D:9      | Reached XP level 11. HP: 96/96 MP: 0/23
 12737 | D:9      | Found a staircase to the Orcish Mines.
 12770 | D:9      | Found a staircase to the Lair.
 13102 | D:9      | Offered knowledge of Stone Arrow by Vehumet.
 13108 | D:9      | Learned a level 3 spell: Stone Arrow
 13260 | D:10     | Entered Level 10 of the Dungeon
 13265 | D:10     | Noticed an orange crystal statue
 13520 | D:10     | Reached skill level 1 in Earth Magic
 13571 | D:10     | Reached *** piety under Vehumet
 13678 | D:10     | Noticed a two-headed ogre
 13704 | D:10     | Killed a two-headed ogre
 13898 | D:10     | Gained mutation: You have very sharp teeth. [mutagenic meat]
 13900 | D:10     | Gained mutation: Your muscles are strong. (Str +2) [mutagenic meat]
 14385 | D:9      | Noticed a centaur warrior
 14598 | D:9      | Killed a centaur warrior
 14598 | D:9      | Reached skill level 9 in Spellcasting
 14707 | D:9      | Found a basalt altar of Yredelemnul.
 14711 | D:9      | Found a hide-covered altar of Uskayaw.
 14721 | D:9      | Found a bloodstained altar of Trog.
 14759 | Lair:1   | Entered Level 1 of the Lair of Beasts
 15170 | Lair:1   | Offered knowledge of Force Lance by Vehumet.
 15719 | Lair:1   | Reached skill level 5 in Earth Magic
 15864 | Lair:2   | Noticed Harold
 16052 | Lair:2   | Killed Harold
 16226 | Lair:2   | Reached skill level 10 in Spellcasting
 16397 | Lair:2   | Found a hole to the Spider Nest.
 16397 | Lair:2   | Noticed an orb spider
 16673 | Lair:2   | Reached XP level 12. HP: 95/106 MP: 20/26
 17227 | Lair:2   | Reached skill level 1 in Armour
 17488 | Lair:3   | Noticed Prince Ribbit
 17558 | Lair:3   | Found a labyrinth entrance.
 17567 | Lab      | Entered a labyrinth
 18071 | Lab      | Noticed a minotaur
 18079 | Lab      | Killed a minotaur
 18134 | Lab      | Identified the Volume of Captivating Protection
 18134 | Lab      | Identified the Disquisition on the Dusty Entourage
 18188 | Lair:3   | Learned a level 3 spell: Regeneration
 18520 | Lair:2   | Killed Prince Ribbit
 18737 | Lair:3   | Reached skill level 5 in Armour
 18741 | Lair:3   | Reached **** piety under Vehumet
 18831 | Lair:3   | Offered knowledge of Yara's Violent Unravelling by Vehumet.
 19548 | Lair:4   | Found a staircase to the Swamp.
 20110 | Lair:4   | Gained mutation: You can use your snake-like lower body to constrict enemies. [Naga growth]
 20110 | Lair:4   | Reached XP level 13. HP: 122/122 MP: 17/27
 20155 | Lair:4   | Reached skill level 10 in Fighting
 20323 | Lair:4   | Reached skill level 1 in Charms
 20323 | Lair:4   | Reached skill level 1 in Necromancy
 20860 | Lair:4   | Reached ***** piety under Vehumet
 21086 | Lair:5   | Noticed Kirke
 21104 | Lair:4   | Killed Kirke
 21107 | Lair:4   | Offered knowledge of Bolt of Magma by Vehumet.
 21294 | Lair:4   | Learned a level 5 spell: Bolt of Magma
 21814 | Lair:6   | Entered Level 6 of the Lair of Beasts
 21929 | Lair:5   | Reached skill level 5 in Necromancy
 22014 | Lair:4   | Reached skill level 5 in Charms
 22223 | Lair:5   | Reached skill level 1 in Fire Magic
 23448 | Lair:5   | HP: 5/123 [wyvern (14)]
 23449 | Lair:5   | HP: 2/123 [wyvern (4)]
 23618 | Lair:5   | Reached skill level 5 in Fire Magic
 24724 | Lair:5   | Reached XP level 14. HP: 102/132 MP: 19/28
 25395 | Lair:5   | Offered knowledge of Lightning Bolt by Vehumet.
 26787 | Lair:5   | Reached skill level 11 in Spellcasting
 27165 | Lair:5   | Noticed a dire elephant
 28762 | Lair:5   | Killed a dire elephant
 29152 | Lair:6   | Found a staircase to the Slime Pits.
 29397 | Lair:6   | Reached XP level 15. HP: 104/138 MP: 20/30
 29624 | Lair:6   | Offered knowledge of Ozocubu's Refrigeration by Vehumet.
 29858 | Lair:6   | Reached skill level 12 in Spellcasting
 31304 | Orc:1    | Entered Level 1 of the Orcish Mines
 31830 | Orc:2    | Entered Level 2 of the Orcish Mines
 31830 | Orc:2    | Found Gejutoet's Antique Armour Emporium.
 31830 | Orc:2    | Noticed an orc warlord
 31941 | Orc:2    | Found a staircase to the Elven Halls.
 32233 | Orc:2    | Paralysed by an orc sorcerer for 2 turns
 32386 | Orc:1    | Killed an orc warlord
 32386 | Orc:1    | Reached skill level 15 in Conjurations
 33048 | Orc:1    | Noticed Snorg
 33054 | Orc:1    | Killed Snorg
 33077 | Orc:1    | Noticed Fannar
 33302 | Orc:1    | Killed Fannar
 33421 | Orc:1    | Noticed Maurice
 33431 | Orc:1    | Killed Maurice
 33955 | Orc:2    | Found Kulatter's General Store.
 33974 | Orc:2    | Found a deep blue altar of Sif Muna.
 34040 | Orc:2    | Found Dicemiro's Distillery.
 34071 | Orc:2    | Found Kesh's Jewellery Shoppe.
 34318 | Orc:2    | Found Tomurghe's Antique Weapon Emporium.
 34535 | Orc:2    | Bought an embroidered robe for 114 gold pieces
 34557 | Orc:2    | Bought the +2 cloak of the Thief {+Fog Slay-2 SInv Stlth+} for 623 gold pieces
 34557 | Orc:2    | Bought an encrusted ring mail for 279 gold pieces
 34577 | Orc:2    | Identified the +3 ring mail of Fovef {Slay+2} (You bought it in a shop on level 2 of the Orcish Mines)
 34602 | Orc:2    | Bought a scroll of teleportation for 36 gold pieces
 34615 | Orc:2    | Bought a potion of heal wounds for 85 gold pieces
 34615 | Orc:2    | Bought a potion of heal wounds for 85 gold pieces
 34630 | Orc:2    | Bought the ring "Xirourph" {rF++ Int+4 Dex+2} for 835 gold pieces
 34990 | D:11     | Got a distressingly furry ring mail
 35001 | D:11     | Identified the +5 ring mail of Guicakla {rElec rPois rC- Int+2} (You found it on level 11 of the Dungeon)
 35075 | D:11     | Gained mutation: You can exhale a cloud of poison. [mutagenic meat]
 35485 | D:11     | Identified a scroll of acquirement
 35662 | D:12     | Offered knowledge of Venom Bolt by Vehumet.
 35680 | D:12     | Gained mutation: You are frail. (-10% HP) [mutagenic meat]
 35850 | D:12     | Noticed Josephine
 35854 | D:12     | Killed Josephine
 36083 | D:12     | Noticed Gastronok
 36106 | D:12     | Killed Gastronok
 36478 | D:12     | Reached skill level 5 in Dodging
 36939 | D:12     | Reached XP level 16. HP: 131/131 MP: 24/32
 37028 | D:12     | Identified Reguuset's Collected Works on Burning Unholy Magic
 37072 | D:12     | Identified Jecish's Collected Works on Sinister Creation
 37210 | D:12     | Found a deep blue altar of Sif Muna.
 37570 | D:12     | Identified the Collected Works on Earth and Ignition
 37755 | D:12     | Identified the Disquisition on Feathery Transmigration
 37756 | D:12     | Identified Orphu's Almanac of Snow
 37778 | D:12     | Identified the Incunabulum of Battle Magic and Poison
 37779 | D:12     | Identified the Incunabulum of Boosting Conjuration
 38064 | D:13     | Found Bessaa's Food Boutique.
 38121 | D:13     | Gained mutation: You evolve. [mutagenic meat]
 38122 | D:13     | Lost mutation: You can exhale a cloud of poison. [mutagenic meat]
 38336 | D:13     | Gained mutation: You are resistant to hostile enchantments. (MR+) [mutagenic meat]
 38337 | D:13     | Lost mutation: Your muscles are strong. (Str +2) [mutagenic meat]
 38401 | D:13     | Reached skill level 10 in Armour
 38931 | D:14     | Found a frozen archway.
 38955 | IceCv    | Entered an ice cave
 39253 | IceCv    | Offered knowledge of Poison Arrow by Vehumet.
 39301 | IceCv    | Learned a level 6 spell: Poison Arrow
 39335 | IceCv    | Reached skill level 1 in Poison Magic
 39621 | IceCv    | Reached skill level 5 in Poison Magic
 40066 | D:14     | Found a gate to the Vaults.
 40615 | D:14     | Noticed Frances
 40620 | D:14     | Killed Frances
 40620 | D:14     | Reached skill level 10 in Poison Magic
 40780 | D:14     | Lost mutation: You evolve. [end of evolution]
 40895 | D:14     | Reached XP level 17. HP: 127/141 MP: 14/33
 41018 | D:14     | Gained mutation: You have sharp fingernails. [mutagenic meat]
 41019 | D:14     | Lost mutation: You are resistant to hostile enchantments. (MR+) [mutagenic meat]
 41020 | D:14     | Gained mutation: Your magical capacity is low. (-10% MP) [mutagenic meat]
 41457 | D:15     | Entered Level 15 of the Dungeon
 41617 | D:15     | Offered knowledge of Iron Shot by Vehumet.
 42048 | D:15     | Lost mutation: You are dopey. (Int -2) [mutagenic meat]
 42049 | D:15     | Gained mutation: You are agile. (Dex +2) [mutagenic meat]
 42050 | D:15     | Lost mutation: You are agile. (Dex +2) [mutagenic meat]
 42256 | D:15     | Found a shattered altar of Ashenzari.
 42265 | D:15     | Found Edem's Jewellery Shoppe.
 42400 | D:15     | Lost mutation: Your flesh is heat resistant. (rF+) [mutagenic meat]
 42401 | D:15     | Gained mutation: You are partially covered in rugged brown scales. (AC +1, +3% HP) [mutagenic meat]
 42410 | D:15     | Gained mutation: Your muscles are strong. (Str +2) [mutagenic meat]
 42413 | D:15     | Gained mutation: You are resistant to hostile enchantments. (MR+) [mutagenic meat]
 42880 | D:15     | Gained mutation: Your flesh is heat resistant. (rF+) [mutagenic meat]
 42881 | D:15     | Gained mutation: Your muscles are very strong. (Str +4) [mutagenic meat]
 42885 | D:15     | Gained mutation: You evolve. [mutagenic meat]
 43033 | D:15     | Noticed a quicksilver dragon
 43033 | D:15     | an azure jelly changed into a quicksilver dragon
 43283 | D:15     | Gained mutation: Your magical capacity is very low. (-20% MP) [mutagenic meat]
 43735 | D:15     | Found a staircase to the Depths.
 43882 | Orc:2    | Lost mutation: Your muscles are very strong. (Str +4) [potion of mutation]
 43882 | Orc:2    | Lost mutation: You have very sharp teeth. [potion of mutation]
 43882 | Orc:2    | Lost mutation: Your magical capacity is very low. (-20% MP) [potion of mutation]
 43882 | Orc:2    | Lost mutation: Your muscles are strong. (Str +2) [potion of mutation]
 43882 | Orc:2    | Lost mutation: You are frail. (-10% HP) [potion of mutation]
 43904 | Elf:1    | Entered Level 1 of the Elven Halls
 44971 | Elf:1    | Identified the Volume of Unholy Arts
 44991 | Elf:1    | Reached ****** piety under Vehumet
 45580 | Elf:1    | Reached skill level 15 in Fighting
 45965 | Spider:1 | Entered Level 1 of the Spider Nest
 46136 | Spider:1 | Offered knowledge of Orb of Destruction by Vehumet.
 46140 | Spider:1 | Reached XP level 18. HP: 183/183 MP: 11/31
 46239 | Spider:1 | Learned a level 7 spell: Orb of Destruction
 47443 | Spider:1 | Got a bloodstained naga barding
 47454 | Spider:1 | Identified the +0 naga barding of Daisies {rF++ rC-} (You acquired it on level 1 of the Spider Nest)
 47564 | Spider:1 | Reached skill level 13 in Spellcasting
 47996 | Spider:2 | Got a transparent shield
 48007 | Spider:2 | Identified the +0 shield of the Eternal Void {*Slow rPois MR+ Regen+} (You acquired it on level 2 of the Spider Nest)
 48356 | Spider:2 | Gained mutation: You have a pair of antennae on your head. [evolution]
 49245 | Spider:2 | Reached skill level 5 in Shields
 49294 | Spider:3 | Offered knowledge of Lehudib's Crystal Spear by Vehumet.
 49294 | Spider:3 | Offered knowledge of Tornado by Vehumet.
 49294 | Spider:3 | Offered knowledge of Ignition by Vehumet.
 49405 | Spider:3 | Noticed xgamer67's ghost (adept BaBe)
 51185 | Elf:2    | Found Votzef's Antique Armour Shoppe.
 51371 | Elf:2    | Found a gateway to a bazaar.
 51670 | Elf:2    | Noticed Agnes
 51672 | Elf:2    | Killed Agnes
 51890 | Elf:2    | Found Leistyts's Gadget Shop.
 52068 | Elf:2    | Noticed a deep elf blademaster
 52078 | Elf:2    | Killed a deep elf blademaster
 52472 | Elf:2    | Noticed a deep elf blademaster
 52473 | Elf:2    | Killed a deep elf blademaster
 52875 | Elf:2    | Found a runed gate.
 52875 | Elf:2    | Found a runed gate.
 52927 | Elf:2    | Found a runed gate.
 53247 | Elf:3    | Entered Level 3 of the Elven Halls
 53252 | Elf:2    | Reached XP level 19. HP: 191/191 MP: 18/32
 54373 | Elf:3    | Reached skill level 14 in Spellcasting
 55341 | Bazaar   | Entered a bazaar
 55341 | Bazaar   | Found Zuad's Book Shoppe.
 55341 | Bazaar   | Found Weragav's Armour Shoppe.
 55341 | Bazaar   | Found Todgh's Jewellery Emporium.
 55343 | Bazaar   | Found Fusuucin's Jewellery Emporium.
 55376 | Bazaar   | Bought the +2 helmet of the Saviour {rN+ Str+2 Int+4} for 306 gold pieces
 55381 | Bazaar   | Bought the ring of Phasing {EV+8} for 1408 gold pieces
 56281 | Elf:3    | Got a polished broad axe {drain}
 56283 | Elf:3    | Got a brightly glowing turquoise ring
 56431 | Elf:3    | Identified the ring "Boito" {Wiz rF+} (You took it off a deep elf master archer on level 3 of the Elven Halls)
 56572 | Elf:3    | Got an ancient graven amulet
 56577 | Elf:3    | Identified the amulet "Citof" {Spirit Str+2 Int+4} (You took it off a deep elf blademaster on level 3 of the Elven Halls)
 56784 | Elf:3    | Gained mutation: You occasionally shout uncontrollably at your foes. [evolution]
 56844 | Elf:3    | Identified the +11 broad axe of the Spheres {drain, +Blink rF+ Str+2} (You took it off a deep elf annihilator on level 3 of the Elven Halls)
 56946 | Elf:3    | Got a warped copper ring
 56950 | Elf:3    | Identified the ring "Xomowai" {+Fly Dex+3} (You took it off a deep elf master archer on level 3 of the Elven Halls)
 57864 | Elf:3    | Identified Piek's Disquisition on Aerial Stones
 57903 | Elf:3    | Got a bound turquoise ring
 57931 | Elf:3    | Identified the cursed ring "Geghiclu" {EV-4 Slay+3} (You took it off a deep elf annihilator on level 3 of the Elven Halls)
 57953 | Elf:3    | Identified the Disquisition on Lucky Moulding
 58460 | Orc:2    | Bought a potion of mutation for 96 gold pieces
 58460 | Orc:2    | Lost mutation: Your magical capacity is low. (-10% MP) [potion of mutation]
 58460 | Orc:2    | Lost mutation: You evolve. [potion of mutation]
 58460 | Orc:2    | Lost mutation: You have sharp fingernails. [potion of mutation]
 58460 | Orc:2    | Gained mutation: You are frail. (-10% HP) [potion of mutation]
 58460 | Orc:2    | Gained mutation: Your spells are a little harder to cast, but a little more powerful. [potion of mutation]
 58959 | Depths:1 | Entered Level 1 of the Depths
 58973 | D:15     | Gained mutation: Your flesh is very heat resistant. (rF++) [mutagenic meat]
 58975 | D:15     | Gained mutation: Your spells are harder to cast, but more powerful. [mutagenic meat]
 59135 | D:15     | Reached XP level 20. HP: 163/180 MP: 18/38
 59150 | D:15     | Lost mutation: You are frail. (-10% HP) [mutagenic meat]
 59270 | D:15     | Reached skill level 10 in Dodging
 59310 | D:15     | Gained mutation: You are weak. (Str -2) [mutagenic meat]
 59311 | D:15     | Gained mutation: Your body sometimes deteriorates upon taking damage. [mutagenic meat]
 59312 | D:15     | Gained mutation: You are agile. (Dex +2) [mutagenic meat]
 59453 | D:15     | Lost mutation: You are resistant to hostile enchantments. (MR+) [mutagenic meat]
 59454 | D:15     | Lost mutation: You are agile. (Dex +2) [mutagenic meat]
 59456 | D:15     | Lost mutation: You are weak. (Str -2) [mutagenic meat]
 59458 | D:15     | Lost mutation: Your body sometimes deteriorates upon taking damage. [mutagenic meat]
 60275 | Depths:2 | Found a gateway to Hell.
 60419 | Depths:1 | Found a shadowy altar of Dithmenos.
 60663 | Depths:1 | Found Luufy's Book Shop.
 60681 | Depths:1 | Reached skill level 15 in Spellcasting
 60956 | Depths:1 | Gained mutation: You are dopey. (Int -2) [mutagenic meat]
 60959 | Depths:1 | Gained mutation: Your flesh is cold resistant. (rC+) [mutagenic meat]
 61123 | Depths:1 | Noticed a lich
 61149 | Depths:1 | Killed a lich
 61335 | Depths:1 | Gained mutation: You can translocate small distances at will. [mutagenic meat]
 61548 | Depths:3 | Found a one-way gate leading to the halls of Pandemonium.
 61650 | Depths:4 | Noticed a golden dragon
 61652 | Depths:4 | Killed a golden dragon
 61663 | Depths:4 | Noticed a golden dragon
 61811 | Depths:4 | Killed a golden dragon
 61927 | Depths:4 | Found an iron altar of Okawaru.
 62002 | D:15     | Lost mutation: Your spells are harder to cast, but more powerful. [potion of mutation]
 62002 | D:15     | Lost mutation: You are dopey. (Int -2) [potion of mutation]
 62002 | D:15     | Lost mutation: You occasionally shout uncontrollably at your foes. [potion of mutation]
 62002 | D:15     | Lost mutation: You are partially covered in rugged brown scales. (AC +1, +3% HP) [potion of mutation]
 62002 | D:15     | Gained mutation: You are resistant to hostile enchantments. (MR+) [potion of mutation]
 62488 | Swamp:1  | Entered Level 1 of the Swamp
 62606 | Swamp:1  | Noticed Roxanne
 63291 | Swamp:1  | Lost mutation: Your spells are a little harder to cast, but a little more powerful. [potion of mutation]
 63291 | Swamp:1  | Lost mutation: You are resistant to hostile enchantments. (MR+) [potion of mutation]
 63291 | Swamp:1  | Lost mutation: You have a pair of antennae on your head. [potion of mutation]
 63291 | Swamp:1  | Lost mutation: You have a pair of small antennae on your head. [potion of mutation]
 63291 | Swamp:1  | Lost mutation: Your flesh is very heat resistant. (rF++) [potion of mutation]
 63291 | Swamp:1  | Gained mutation: Your tail ends in a poisonous barb. [potion of mutation]
 63380 | Swamp:1  | Reached XP level 21. HP: 201/201 MP: 19/40
 64056 | Swamp:1  | Killed Roxanne
 64087 | Swamp:1  | Learned a level 8 spell: Lehudib's Crystal Spear
 64097 | Swamp:1  | Learned a level 9 spell: Shatter
 65338 | Swamp:3  | Got a twisted ring mail
 65349 | Swamp:3  | Identified the +5 ring mail "Ynunidot" {+Blink rN++} (You found it on level 3 of the Swamp)
 66988 | Swamp:4  | Entered Level 4 of the Swamp
 67000 | Swamp:4  | Noticed Bai Suzhen
 67013 | Swamp:4  | Killed Bai Suzhen
 67190 | Swamp:4  | Learned a level 1 spell: Apportation
 67390 | Swamp:4  | Reached skill level 10 in Earth Magic
 68356 | Swamp:4  | Noticed the 27-headed Lernaean hydra
 68364 | Swamp:4  | Killed the 27-headed Lernaean hydra
 69760 | Swamp:4  | Got a decaying rune of Zot
 70242 | Spider:3 | Killed xgamer67's ghost
 70420 | Spider:4 | Entered Level 4 of the Spider Nest
 70741 | Spider:4 | Noticed Arachne
 70985 | Spider:3 | Killed Arachne
 71517 | Spider:4 | Reached XP level 22. HP: 210/210 MP: 31/41
 73600 | Spider:4 | Reached skill level 15 in Earth Magic
 74283 | Spider:4 | Got a gossamer rune of Zot
 74871 | Vaults:1 | Entered Level 1 of the Vaults
 75083 | Vaults:1 | Noticed Aizul
 75088 | Vaults:1 | Killed Aizul
 77146 | Vaults:1 | Reached XP level 23. HP: 217/217 MP: 26/42
 78137 | Vaults:2 | Reached skill level 16 in Spellcasting
 79567 | Vaults:2 | Found Qerin's Book Shoppe.
 80549 | Vaults:3 | Found a staircase to the Crypt.
 80939 | Vaults:3 | Found Ymopimpe's Magic Scroll Boutique.
 80947 | Vaults:3 | Bought a scroll of acquirement for 1040 gold pieces
 80948 | Vaults:3 | Got a spiked naga barding
 80959 | Vaults:3 | Identified the +0 naga barding of Olumm {Str+3 Stlth+} (You acquired it on level 3 of the Vaults)
 82693 | Vaults:4 | Reached XP level 24. HP: 225/225 MP: 26/43
 82923 | Vaults:4 | Reached skill level 17 in Spellcasting
 82973 | Vaults:5 | Entered Level 5 of the Vaults
 83085 | Vaults:4 | Got a ruby-encrusted scale mail
 83096 | Vaults:4 | Identified the +1 scale mail "Jyvah" {rPois} (You found it on level 4 of the Vaults)
 84103 | Vaults:4 | Got a distressingly furry chain mail
 84114 | Vaults:4 | Identified the +8 chain mail "Sin Gak" {*Drain Int+8} (You found it on level 4 of the Vaults)
 84522 | Vaults:4 | Reached skill level 10 in Shields
 85348 | Vaults:4 | Learned a level 6 spell: Deflect Missiles
 86228 | Depths:1 | Reached XP level 25. HP: 227/232 MP: 22/44
 86356 | Depths:2 | Found a glowing golden altar of the Shining One.
 86727 | Depths:2 | Found a blossoming altar of Fedhas.
 86754 | Depths:2 | Reached skill level 18 in Spellcasting
 86773 | Depths:2 | Found a one-way gate to the infinite horrors of the Abyss.
 87742 | Depths:3 | Noticed Sojobo
 88019 | Depths:2 | Killed Sojobo
 88448 | Depths:3 | Noticed Nikola
 88454 | Depths:3 | Killed Nikola
 88456 | Depths:3 | Noticed Saint Roka
 88473 | Depths:3 | Killed Saint Roka
 89683 | Depths:4 | Found Ledghiex's General Store.
 89690 | Depths:4 | Found Desoaxzo's Antique Weapon Shoppe.
 90166 | Depths:5 | Entered Level 5 of the Depths
 90799 | Depths:4 | Reached XP level 26. HP: 241/241 MP: 16/45
 90942 | Depths:4 | Reached skill level 15 in Shields
 91074 | Depths:4 | Reached skill level 1 in Air Magic
 92054 | Depths:5 | Reached skill level 5 in Air Magic
 92179 | Depths:5 | Found a gateway to a ziggurat.
 92464 | Depths:5 | Found a gate to the Realm of Zot.
 93159 | Depths:4 | Noticed a juggernaut
 93162 | Depths:4 | Killed a juggernaut
 93875 | Depths:3 | Got a wavering iron ring
 93877 | Depths:3 | Identified the ring "Tul Woxu" {rF+ Dex+8 Stlth-} (You took it off a fire giant on level 3 of the Depths)
 94225 | Depths:1 | Noticed a juggernaut
 94280 | Depths:1 | Killed a juggernaut
 94939 | Depths:1 | Reached XP level 27. HP: 234/247 MP: 38/45
 94946 | Depths:1 | Reached skill level 19 in Spellcasting
 95421 | D:15     | Got a pair of pitted gloves
 95432 | D:15     | Identified the +0 pair of gloves of Indemnity {rC+ rN+ Slay+3} (You acquired it on level 15 of the Dungeon)
 95915 | Depths:1 | Found Waecajepn's Gadget Shoppe.
 95916 | Depths:1 | Found Munirunk's General Store.
 95917 | Depths:1 | Found Guxeirph's Gadget Shop.
 95918 | Depths:1 | Found Mudurraa's Armour Shoppe.
 95975 | Depths:1 | Bought the +18 shield of the Gong {rElec rN+ MR+ EV-5} for 1556 gold pieces
 96524 | Vaults:4 | Reached skill level 20 in Spellcasting
 96689 | Vaults:5 | Found Tibiwegroatt's Food Boutique.
 96696 | Vaults:5 | Noticed an ancient lich
 96748 | Vaults:5 | Noticed an ancient lich
 96749 | Vaults:5 | Killed an ancient lich
 96749 | Vaults:5 | Killed an ancient lich
 96755 | Vaults:4 | Reached skill level 21 in Spellcasting
 97059 | Vaults:5 | Reached skill level 22 in Spellcasting
 97559 | Vaults:5 | Found Qoyjuekk's Distillery.
 97570 | Vaults:5 | Found Lunil's Distillery.
 97835 | Vaults:5 | Found Miewost's Weapon Shoppe.
 97847 | Vaults:5 | Got a silver rune of Zot
 97881 | Vaults:5 | Identified the +4 plate armour of Too Many Cooks {Str+2} (You found it on level 5 of the Vaults)
 98079 | Vaults:5 | Found Dituqury's Jewellery Emporium.
 98086 | Vaults:5 | Found Ijiarocw's Gadget Shop.
 98434 | Vaults:5 | Found Zedan's Distillery.
 98434 | Vaults:5 | Found Daeshurch's Distillery.
 98444 | Vaults:5 | Found Joockiwn's Magic Scroll Boutique.
 98503 | Vaults:5 | Found Jodaango's Magic Scroll Shop.
 98503 | Vaults:5 | Found Elall's Distillery.
 98901 | Crypt:1  | Entered Level 1 of the Crypt
 99187 | Crypt:1  | Reached skill level 23 in Spellcasting
101629 | Crypt:3  | Entered Level 3 of the Crypt
101982 | Crypt:3  | Reached skill level 24 in Spellcasting
101992 | Crypt:3  | Noticed hyperhazel's ghost (master VSEE)
102154 | Crypt:3  | Killed hyperhazel's ghost
102386 | Crypt:3  | Noticed an ancient lich
102389 | Crypt:3  | Killed an ancient lich
103387 | Crypt:3  | Found an ancient bone altar of Kikubaaqudgha.
103519 | Crypt:3  | Found a staircase to the Tomb.
103645 | Crypt:3  | Got a faintly glowing tin ring
103649 | Crypt:3  | Identified the ring of Iluresum {rF+ rC+ rN+} (You found it on level 3 of the Crypt)
103652 | Crypt:3  | Got a sparkling steel ring
103653 | Crypt:3  | Identified the ring "Hessus" {rF+ rN+ Str+4 Dex-5 SInv} (You found it on level 3 of the Crypt)
104524 | Zig:1    | Entered Level 1 of a ziggurat
104573 | Zig:2    | Entered Level 2 of a ziggurat
104581 | Zig:2    | Reached skill level 25 in Spellcasting
104641 | Zig:3    | Entered Level 3 of a ziggurat
104816 | Zig:3    | Got an encrusted scale mail
104827 | Zig:3    | Identified the +5 scale mail of the Lost Path {rElec rPois Dex-5} (You found it on level 3 of a ziggurat)
104843 | Zig:4    | Entered Level 4 of a ziggurat
104941 | Zig:5    | Entered Level 5 of a ziggurat
104994 | Zig:5    | Learned a level 9 spell: Fire Storm
105006 | Zig:6    | Entered Level 6 of a ziggurat
105046 | Zig:6    | Got an ancient marble ring
105062 | Zig:6    | Identified the ring of Temptation {Ice Str+3} (You found it on level 6 of a ziggurat)
105068 | Zig:7    | Entered Level 7 of a ziggurat
105308 | Zig:8    | Entered Level 8 of a ziggurat
105505 | Zig:8    | Got a vibrating turquoise ring
105549 | Zig:8    | Identified the ring "Rybbareym" {MR+ Int+2 SInv} (You found it on level 8 of a ziggurat)
105562 | Zig:9    | Entered Level 9 of a ziggurat
105731 | Zig:10   | Entered Level 10 of a ziggurat
105738 | Zig:10   | Noticed a greater mummy
105742 | Zig:10   | Killed a greater mummy
105743 | Zig:10   | Noticed a greater mummy
105746 | Zig:10   | Killed a greater mummy
105746 | Zig:10   | Reached skill level 10 in Fire Magic
106194 | Zig:10   | Learned a level 6 spell: Bolt of Fire
106204 | Zig:11   | Entered Level 11 of a ziggurat
106396 | Zig:11   | Got a faintly glowing lapis lazuli ring
106420 | Zig:11   | Identified the ring "Zaxkanih" {rCorr MR+ Dex+4 Stlth+} (You found it on level 11 of a ziggurat)
106438 | Zig:12   | Entered Level 12 of a ziggurat
106784 | Zig:13   | Entered Level 13 of a ziggurat
106791 | Zig:13   | Noticed a juggernaut
106793 | Zig:13   | Noticed a juggernaut
106793 | Zig:13   | Noticed a juggernaut
106795 | Zig:13   | Killed a juggernaut
106796 | Zig:13   | Killed a juggernaut
106796 | Zig:13   | Killed a juggernaut
107037 | Zig:13   | Got a scintillating gossamer ring
107038 | Zig:13   | Identified the ring "Sugafosaek" {Ice *Corrode rElec Str+4} (You found it on level 13 of a ziggurat)
107104 | Zig:14   | Entered Level 14 of a ziggurat
107181 | Zig:14   | Identified the Tome of Frigorific Clay
107294 | Zig:14   | Learned a level 8 spell: Ignition
107304 | Zig:15   | Entered Level 15 of a ziggurat
107315 | Zig:15   | Noticed an ancient lich
107319 | Zig:15   | Reached skill level 15 in Fire Magic
107322 | Zig:15   | Killed an ancient lich
107544 | Zig:15   | Identified the +1 troll leather armour "Iraor" {Regen+ MP+9 Str+3} (You found it on level 15 of a ziggurat)
107551 | Zig:16   | Entered Level 16 of a ziggurat
107744 | Zig:16   | Identified the Grimoire of Poisoning
107804 | Zig:16   | Got a fine jade ring
107805 | Zig:16   | Identified the ring "Ifator" {rF+ rC+ rN+ SInv} (You found it on level 16 of a ziggurat)
107806 | Zig:16   | Identified the +3 leather armour of Defiance {+Inv rPois Dex+4} (You found it on level 16 of a ziggurat)
107807 | Zig:16   | Identified the +6 broad axe "Ydexuwoj" {antimagic, Fragile Dex+6} (You found it on level 16 of a ziggurat)
107824 | Zig:17   | Entered Level 17 of a ziggurat
107836 | Zig:17   | Noticed an ancient lich
107841 | Zig:17   | Killed an ancient lich
107962 | Zig:17   | Identified the Tome of the Ashen Escort
108140 | Zig:17   | Got a pitted cloak
108151 | Zig:17   | Identified the +0 cloak of the Bruised Hells {rPois MR+ Slay+2} (You found it on level 17 of a ziggurat)
108221 | Zig:18   | Entered Level 18 of a ziggurat
108229 | Zig:18   | Noticed a juggernaut
108231 | Zig:18   | Noticed a juggernaut
108232 | Zig:18   | Killed a juggernaut
108233 | Zig:18   | Killed a juggernaut
108234 | Zig:18   | Noticed a juggernaut
108239 | Zig:18   | Killed a juggernaut
108708 | Zig:19   | Entered Level 19 of a ziggurat
109024 | Zig:19   | Got a crude jade amulet
109025 | Zig:19   | Identified the amulet of Dageacex {Harm *Drain Dex+4} (You found it on level 19 of a ziggurat)
109029 | Zig:19   | Got a twisted robe
109031 | Zig:19   | Identified the +1 robe of the Country {rPois rF- rN++ rCorr} (You found it on level 19 of a ziggurat)
109086 | Zig:20   | Entered Level 20 of a ziggurat
109512 | Zig:20   | Identified the amulet "Quint" {RegenMP Dex+4} (You found it on level 20 of a ziggurat)
109585 | Zig:20   | Learned a level 8 spell: Controlled Blink
109586 | Zig:21   | Entered Level 21 of a ziggurat
109612 | Zig:21   | Reached skill level 5 in Translocations
109996 | Zig:21   | Identified Acexteag's Volume of Gravity
110067 | Zig:22   | Entered Level 22 of a ziggurat
110286 | Zig:22   | Reached skill level 10 in Translocations
111015 | Slime:1  | Entered Level 1 of the Pits of Slime
112610 | Slime:5  | Entered Level 5 of the Pits of Slime
113164 | Slime:5  | Noticed the Royal Jelly
113310 | Slime:5  | Killed the Royal Jelly
113310 | Slime:5  | Reached skill level 26 in Spellcasting
113604 | Slime:5  | Identified the Almanac of Shape Shifting and Orientation
113640 | Slime:5  | Identified Asmodeus's Almanac of the Entourage
113647 | Slime:5  | Got a warped sapphire amulet
113648 | Slime:5  | Identified the amulet "Cocuos" {rN++ Regen+ Int-4 Dex+6} (You found it on level 5 of the Pits of Slime)
113655 | Slime:5  | Got a warped jade ring
113659 | Slime:5  | Got a crude copper amulet
113674 | Slime:5  | Identified the amulet "Senigrod" {+Rage rPois rC+ MR- Int+5} (You found it on level 5 of the Pits of Slime)
113676 | Slime:5  | Identified the ring of Taejiav {Dex+4 Slay+6 SInv} (You found it on level 5 of the Pits of Slime)
113679 | Slime:5  | Got an ancient iron ring
113680 | Slime:5  | Identified the ring "Vinets" {*Slow rC+ rN++ Str+4 Stlth+} (You found it on level 5 of the Pits of Slime)
113682 | Slime:5  | Identified the Reference Book on Dusty Attacks
113702 | Slime:5  | Learned a level 5 spell: Fireball
113722 | Slime:5  | Got a slimy rune of Zot
113723 | Slime:5  | Identified The Last Secrets of Rites and Rhymes
113745 | Slime:5  | Got a transparent golden ring
113746 | Slime:5  | Identified the ring "Negeett" {*Corrode +Blink rF+ Str+6} (You found it on level 5 of the Pits of Slime)
114162 | Hell     | Entered the Vestibule of Hell
114162 | Hell     | Noticed Geryon
114168 | Hell     | Killed Geryon
114710 | Hell     | Found a gateway to the ashen valley of Gehenna.
115024 | Hell     | Found a gateway to the freezing wastes of Cocytus.
115215 | Hell     | Found a gateway to the decaying netherworld of Tartarus.
115376 | Hell     | Found a gateway to the Iron City of Dis.
115771 | Zot:1    | Entered Level 1 of the Realm of Zot
115968 | Zot:1    | Noticed an orb of fire
115969 | Zot:1    | Killed an orb of fire
116878 | Zot:1    | Reached skill level 15 in Translocations
117067 | Zot:1    | Reached skill level 27 in Spellcasting
119028 | Zot:2    | Identified the +1 robe of the Shining Light {Int+4 Stlth+} (You found it on level 2 of the Realm of Zot)
121870 | Zot:4    | Identified the +9 chain mail of Pessimism {rPois} (You found it on level 4 of the Realm of Zot)
122315 | Zot:5    | Entered Level 5 of the Realm of Zot
122790 | Vaults:5 | Bought a scroll of identify for 22 gold pieces
122790 | Vaults:5 | Bought a scroll of identify for 22 gold pieces
122790 | Vaults:5 | Bought a scroll of magic mapping for 38 gold pieces
122790 | Vaults:5 | Bought a scroll of identify for 22 gold pieces
122790 | Vaults:5 | Bought a scroll of teleportation for 33 gold pieces
122790 | Vaults:5 | Bought a scroll of recharging for 104 gold pieces
122797 | Vaults:5 | Bought a potion of curing for 48 gold pieces
122797 | Vaults:5 | Bought a potion of brilliance for 64 gold pieces
122797 | Vaults:5 | Bought a potion of curing for 48 gold pieces
122797 | Vaults:5 | Bought a potion of brilliance for 64 gold pieces
122797 | Vaults:5 | Bought a potion of curing for 48 gold pieces
122797 | Vaults:5 | Bought a potion of heal wounds for 80 gold pieces
122797 | Vaults:5 | Bought a potion of agility for 64 gold pieces
122804 | Vaults:5 | Bought a potion of haste for 130 gold pieces
122804 | Vaults:5 | Bought a potion of curing for 39 gold pieces
122804 | Vaults:5 | Bought 2 potions of agility for 104 gold pieces
122804 | Vaults:5 | Bought a potion of curing for 39 gold pieces
122804 | Vaults:5 | Bought a potion of curing for 39 gold pieces
122815 | Vaults:5 | Bought a potion of flight for 42 gold pieces
122815 | Vaults:5 | Bought a potion of flight for 42 gold pieces
122815 | Vaults:5 | Bought a potion of curing for 42 gold pieces
122815 | Vaults:5 | Bought a potion of curing for 42 gold pieces
122826 | Vaults:5 | Bought a scroll of magic mapping for 66 gold pieces
122826 | Vaults:5 | Bought a scroll of teleportation for 57 gold pieces
122826 | Vaults:5 | Bought a scroll of blinking for 142 gold pieces
122826 | Vaults:5 | Bought a scroll of amnesia for 66 gold pieces
122840 | Vaults:5 | Bought a potion of resistance for 170 gold pieces
122840 | Vaults:5 | Bought a potion of curing for 51 gold pieces
122840 | Vaults:5 | Bought a potion of resistance for 170 gold pieces
122840 | Vaults:5 | Bought a potion of magic for 136 gold pieces
122840 | Vaults:5 | Bought a potion of curing for 51 gold pieces
122840 | Vaults:5 | Bought a potion of magic for 136 gold pieces
122840 | Vaults:5 | Bought a potion of flight for 51 gold pieces
122840 | Vaults:5 | Bought a potion of resistance for 170 gold pieces
122847 | Vaults:5 | Bought a potion of invisibility for 192 gold pieces
122847 | Vaults:5 | Bought a potion of heal wounds for 120 gold pieces
122847 | Vaults:5 | Bought a potion of might for 96 gold pieces
122847 | Vaults:5 | Bought a potion of curing for 72 gold pieces
122847 | Vaults:5 | Bought a potion of haste for 240 gold pieces
122847 | Vaults:5 | Bought a potion of curing for 72 gold pieces
122847 | Vaults:5 | Bought a potion of curing for 72 gold pieces
122847 | Vaults:5 | Bought a potion of curing for 72 gold pieces
122847 | Vaults:5 | Bought a potion of magic for 192 gold pieces
122886 | Vaults:3 | Bought a scroll of amnesia for 70 gold pieces
122886 | Vaults:3 | Bought a scroll of teleportation for 60 gold pieces
122886 | Vaults:3 | Bought a scroll of torment for 150 gold pieces
122886 | Vaults:3 | Bought a scroll of enchant armour for 150 gold pieces
123199 | Depths:1 | Bought a scroll of identify for 36 gold pieces
123199 | Depths:1 | Bought a potion of haste for 180 gold pieces
123199 | Depths:1 | Bought a potion of heal wounds for 90 gold pieces
123199 | Depths:1 | Bought a scroll of identify for 36 gold pieces
123199 | Depths:1 | Bought a scroll of identify for 36 gold pieces
123439 | Orc:2    | Bought a potion of haste for 120 gold pieces
123439 | Orc:2    | Bought a scroll of recharging for 114 gold pieces
123439 | Orc:2    | Bought a meat ration for 60 gold pieces
123439 | Orc:2    | Bought a potion of curing for 36 gold pieces
123439 | Orc:2    | Bought a meat ration for 60 gold pieces
123452 | Orc:2    | Bought a potion of curing for 51 gold pieces
123452 | Orc:2    | Bought a potion of magic for 136 gold pieces
123452 | Orc:2    | Bought a potion of agility for 68 gold pieces
123452 | Orc:2    | Bought a potion of curing for 51 gold pieces
123452 | Orc:2    | Bought a potion of resistance for 170 gold pieces
123452 | Orc:2    | Bought a potion of resistance for 170 gold pieces
123452 | Orc:2    | Bought 2 potions of haste for 340 gold pieces
123452 | Orc:2    | Bought a potion of curing for 51 gold pieces
123452 | Orc:2    | Bought a potion of flight for 51 gold pieces
123674 | Depths:5 | Upgraded the game from 0.21-a0-33-g8b44e26 to 0.21-a0-39-g28ea6b7
123676 | Depths:5 | Quit the game

Vault maps used:
D:1:      lemuel_arrival_rhombus, serial_forest, infiniplex_forest_clump_small,
          infiniplex_forest_end_1, infiniplex_forest_clump_small,
          infiniplex_forest_straight_3, infiniplex_forest_end_2,
          infiniplex_forest_straight_4
D:2:      grunt_gozag_statues, uniq_sigmund, uniq_crazy_yiuf_cottage
D:3:      first_bread, uniq_natasha
D:4:      kennysheep_nondescript, kennysheep_cluttered_room,
          small_statue_intersection, doesnt_xom_only_xom
D:5:      nicolae_underground_beach
D:6:      kennysheep_little_box, grunt_dithmenos_smoke_and_mirrors,
          minmay_checkerbox
D:7:      minmay_temple_entry_overgrown, serial_shops, shop, hex_large,
          the_bakery, trog_ov_bears_minmay
D:8:      serial_shops, nicolae_shop_crystal, shop, shop, shop
D:9:      kennysheep_mini, minitemple, minmay_lair_entry_lava,
          hiddenorc1_lemuel, serial_undead, serial_undead_f, serial_undead_c,
          serial_undead_b, serial_undead_c, kennysheep_generic_room_14
D:10:     minmay_statue_bubble
D:12:     evilmike_library_of_no_secrets, uniq_josephine, uniq_gastronok
D:13:     serial_shops, shop
D:14:     erik_vaults_2, portal_ice_cave_entry_pillars_2,
          minmay_misc_feat_more_columns, minmay_misc_feat_nine_boxes,
          uniq_frances
D:15:     gammafunk_enter_depths_forms, basic_altar, serial_shops,
          nicolae_shop_statue_plus
Temple:   nicolae_temple_no_exploring_needed
Lair:1:   infiniplex_staircase_pool, serial_bayou_shore_a
Lair:2:   nicolae_spider_entry_orb_guardian, grunt_megastairs_2, uniq_harold
Lair:3:   lab_entry_generic, beast_lair_carwin_3, grunt_megastairs_5,
          uniq_prince_ribbit2
Lair:4:   swamp_mist
Lair:5:   special_room, uniq_kirke
Lair:6:   minmay_lair_end_frog_pond, minmay_slime_entry_pillars
Swamp:1:  hangedman_swamp_lotus, uniq_roxanne
Swamp:2:  hangedman_swamp_cone, swamp_pool2
Swamp:3:  evilmike_swamp_ruin_house_2, swamp_pool5
Swamp:4:  swamp_old_school, uniq_bai_suzhen
Spider:2: spider_trap
Spider:3: nicolae_spider_cling_ruins
Spider:4: floodkiller_spider_rune_tomb, nicolae_arachne_temple, uniq_arachne
Slime:1:  cheibrodos_slime_lost_civilization_8
Orc:1:    uniq_maurice, uniq_fannar, uniq_snorg
Orc:2:    grunt_orc_gardens, grunt_orc_garden, grunt_orc_garden,
          grunt_orc_garden, grunt_orc_garden, serial_shops, shop_coins,
          led_sif_book
Elf:1:    minmay_elf_arrival_summoners, minmay_elf_necromancy
Elf:2:    serial_shops, bzr_entry_water, shop_fountains, shop,
          guppyfry_elf_castle, uniq_agnes
Elf:3:    elf_hall_gauntlet_narrow
Vaults:1: vaults_mumra_hexcomb, nicolae_vaults_little_squares_1,
          nicolae_vaults_puzzle_piece, nicolae_vaults_little_squares_3,
          nicolae_vaults_little_squares_3, hangedman_vaults_maws,
          vaults_mumra_minichess, nicolae_vaults_border_crossing, uniq_aizul
Vaults:2: ontoclasm_vaults_spin, nicolae_vaults_back_hallway,
          hangedman_vaults_slice, hangedman_vaults_stagger, st_diamondy,
          v_misc_27, ontoclasm_vaults_shuriken, nicolae_vaults_little_squares_2,
          nicolae_vaults_gold_heap, serial_shops, shop
Vaults:3: blue_anna_dwarven_crypt, hangedman_vaults_corner_blocks,
          hangedman_vaults_stitches, grunt_vaults_focal, ontoclasm_vaults_chip,
          nicolae_vaults_an_arrangement, hangedman_vaults_corner, v_rooms_2,
          v_rooms_5, vaults_room_hallway, serial_shops, nicolae_shop_stone
Vaults:4: nicolae_vaults_network_quincunx, v_misc_12, nicolae_vaults_asterisk,
          nicolae_vaults_mini_display_case, ontoclasm_vaults_pinch, st_cells,
          hangedman_vaults_capsules, dpeg_vaults_monster_box,
          vaults_room_door_ring, v_misc_19, grunt_vaults_twisty,
          ontoclasm_vaults_ring_small
Vaults:5: serial_shops
Crypt:1:  minmay_guarded_unrand_majin_bo
Crypt:3:  cryptofortress_bobbens
Depths:1: hangedman_box_tower, pf_hell_entry_tar_spiral, serial_shops,
          shop_fountains, kennysheep_doodads, minmay_statues_item,
          lemuel_statue_altar
Depths:2: minmay_the_grid_octo_tiled_octocenter_mashed, grunt_pan_entry_spiral,
          hell_entry, abyss_entry, tso_metal_star
Depths:3: kennysheep_windowed_halls, hangedman_geh_valley,
          rand_demon_pan_entry_7, kennysheep_nub, kennysheep_random_hallway,
          infiniplex_staircase_door_maze, uniq_nikola, uniq_saint_roka,
          uniq_sojobo
Depths:4: evilmike_diamond_1, old_standard_altar, abyss_entry_small_statue_room,
          grunt_pan_entry_sceptre, hell_entry, infiniplex_staircase_pool_2,
          minmay_shoptagon
Depths:5: evilmike_zot_entry_basic, enter_ziggurat_c, hell_entry,
          roderic_roman_lattice, infiniplex_staircase_pool_lava
Zot:1:    kennysheep_room_grid, grunt_ministairs_11
Zot:3:    basic_loot_grate_trap, grunt_megastairs_4
Zot:4:    hangedman_zot_decor_checkerboard
Zot:5:    basic_altar, grunt_ministairs_6, guppyfry_library_mini
Zig:4:    ziggurat_pillar_centre_c
Zig:8:    ziggurat_pillar_centre_oklobs
Zig:13:   ziggurat_pillar_centre_dead_trees
Zig:17:   ziggurat_pillar_centre_smoke
Lab:      nicolae_lab_grate_2
Bazaar:   bazaar_general_marketplace
IceCv:    ice_cave_caverns_03

Skill      XL: |  1  2  3  4  5  6  7  8  9 10 11 12 13 14 15 16 17 18 19 20 21 22 23 24 25 26 27 |
---------------+----------------------------------------------------------------------------------+-----
Conjurations   | 2 4 6 7 10 11 14 15 16 20 | 20.8
Spellcasting   | 4 5 6 8 10 11 12 13 14 15 16 17 18 27 | 27.0
Shields        | 1 2 9 10 14 15 | 15.2
Fighting       | 5 6 9 10 11 15 18 | 18.1
Evocations     | 1 7 9 |  9.6
Earth Magic    | 5 6 13 17 19 20 23 | 23.8
Translocations | 2 17 | 17.8
Armour         | 6 8 10 | 10.0
Charms         | 5 9 |  9.0
Necromancy     | 5 |  5.0
Fire Magic     | 5 20 | 20.0
Dodging        | 5 9 11 | 11.0
Poison Magic   | 10 | 10.8
Air Magic      | 8 |  8.0
Stealth        | |  3.0
Summonings     | |  1.0

Action                   |  1- 3 |  4- 6 |  7- 9 | 10-12 | 13-15 | 16-18 | 19-21 | 22-24 | 25-27 || total
-------------------------+-------+-------+-------+-------+-------+-------+-------+-------+-------++-------
Melee: Dagger            |   177 |       |       |       |       |       |       |       |       ||   177
       Long sword        |     2 |       |   120 |   140 |   608 |   197 |       |       |       ||  1067
       Quarterstaff      |       |    24 |    49 |       |       |       |       |       |       ||    73
       Bite              |       |       |       |     7 |    96 |    33 |       |       |       ||   136
       Constrict         |       |       |       |       |   168 |    75 |    32 |    53 |    15 ||   343
       Staff             |       |       |       |       |       |   122 |   217 |   284 |   105 ||   728
       Broad axe         |       |       |       |       |       |       |    15 |    79 |    23 ||   117
       Tailslap          |       |       |       |       |       |       |     9 |    71 |    19 ||    99
 Cast: Magic Dart        |    88 |    58 |   256 |   398 |       |       |       |       |       ||   800
       Mephitic Cloud    |     1 |     1 |     9 |     6 |     1 |     1 |       |       |       ||    19
       Conjure Flame     |       |     1 |    10 |    41 |    34 |    22 |     1 |       |       ||   109
       Blink             |       |       |     2 |     7 |    12 |     5 |     8 |       |     5 ||    39
       Stone Arrow       |       |       |       |   197 |   396 |   171 |   131 |    11 |       ||   906
       Bolt of Magma     |       |       |       |       |   136 |   154 |    28 |    38 |    38 ||   394
       Regeneration      |       |       |       |       |    26 |     5 |     1 |     3 |    11 ||    46
       Poison Arrow      |       |       |       |       |       |   275 |   511 |   700 |   482 ||  1968
       Orb of Destructio |       |       |       |       |       |    13 |    21 |    33 |    17 ||    84
       Apportation       |       |       |       |       |       |       |     1 |       |   784 ||   785
       Shatter           |       |       |       |       |       |       |       |     5 |   397 ||   402
       Lehudib's Crystal |       |       |       |       |       |       |       |     4 |   531 ||   535
       Deflect Missiles  |       |       |       |       |       |       |       |       |     5 ||     5
       Fire Storm        |       |       |       |       |       |       |       |       |    47 ||    47
 Abil: Spit Poison       |    19 |    14 |    36 |    38 |     1 |       |       |       |       ||   108
Evoke: Wand              |       |       |     1 |       |     7 |    15 |    24 |     2 |     5 ||    54
       Lamp of fire      |       |       |       |       |       |     1 |     2 |       |       ||     3
       Phantom mirror    |       |       |       |       |       |       |     1 |       |       ||     1
  Use: Scroll            |       |     5 |     6 |    16 |    12 |     9 |     6 |     3 |    43 ||   100
       Potion            |       |       |     1 |     4 |       |     1 |     7 |     2 |    14 ||    29
 Stab: Sleeping          |       |     3 |     2 |     1 |     4 |     4 |       |       |       ||    14
       Confused          |       |       |     1 |     2 |       |       |       |       |       ||     3
       Held in net/web   |       |       |       |       |       |       |       |     1 |       ||     1
  Eat: Chunk             |     4 |     4 |    17 |    27 |    36 |    64 |    46 |    23 |    12 ||   233
       Bread ration      |       |       |       |     2 |     5 |     7 |     7 |     4 |    12 ||    37
       Fruit             |       |       |       |       |       |       |     1 |       |     3 ||     4
       Meat ration       |       |       |       |       |       |       |     1 |       |     2 ||     3
       Royal jelly       |       |       |       |       |       |       |       |       |     8 ||     8
Armor: Robe              |     4 |     8 |    98 |       |     3 |    18 |       |       |    15 ||   146
       Leather armour    |       |       |    19 |   131 |       |       |       |       |       ||   150
       Ring mail         |       |       |       |    26 |       |       |    70 |   303 |   382 ||   781
       Skin              |       |       |       |     4 |       |       |       |       |       ||     4
       Scale mail        |       |       |       |    47 |   948 |       |       |       |       ||   995
       Troll leather arm |       |       |       |       |   113 |   447 |   165 |       |       ||   725
Dodge: Dodged            |    19 |    23 |   170 |   176 |   349 |   262 |   386 |   461 |   386 ||  2232
       Deflected         |       |       |       |       |       |       |       |       |    56 ||    56
Block: Buckler           |       |       |    50 |    66 |   256 |   163 |       |       |       ||   535
       Reflection        |       |       |       |       |       |    10 |    64 |     5 |    45 ||   124
       Shield            |       |       |       |       |       |    86 |   596 |   307 |   990 ||  1979
       Large shield      |       |       |       |       |       |       |       |    94 |   225 ||   319
       Rpst.: Long sword |       |       |    42 |    50 |   104 |    24 |       |       |       ||   220
